 Dungeon Crawl Stone Soup version 0.16-a0-3963-gf3423b3 (webtiles) character file.

238029 Stev the Devastator (level 18, -5/119 HPs)
             Began as a High Elf Conjurer on Feb 8, 2015.
             Was the Champion of Vehumet.
             Shot with a bolt by a yaktaur (11 damage)
             ... on level 3 of the Vaults on Feb 10, 2015.
             The game lasted 06:38:01 (59271 turns).

Stev the Devastator (High Elf Conjurer)            Turns: 59271, Time: 06:38:01

Health: -5/119     AC: 23    Str:  6    XL:     18   Next: 98%
Magic:  5/48       EV: 22    Int: 25    God:    Vehumet [******]
Gold:   1284       SH:  6    Dex: 17    Spells: 9 memorised, 8 levels left

rFire  + + .     SeeInvis .     a - +1 short sword (protect)
rCold  . . .     Clarity  .     U - +4 mottled dragon armour
rNeg   + . .     SustAb   .     x - +0 buckler "Cuet" {rF++}
rPois  +         Gourm    +     i - +0 helmet "Soel" {rN+ MP+9 Str-2}
rElec  .         Spirit   .     A - +0 cloak
rCorr  .         Warding  .     Y - +1 pair of gloves {archery}
rMut   .         Stasis   .     P - +0 pair of boots
MR     +....                    X - amulet of the gourmand
Stlth  ++........               T - +4 ring of evasion
                                e - ring of poison resistance

@: about to teleport, marked, somewhat resistant to hostile enchantments,
unstealthy
A: dopey 1
a: Renounce Religion
}: 1/15 runes: barnacled


You were on level 3 of the Vaults.
You worshipped Vehumet.
Vehumet was exalted by your worship.
You were full.

You visited 7 branches of the dungeon, and saw 38 of its levels.
You visited the Abyss 1 time.
You also visited: Sewer.

You collected 3632 gold pieces.
You spent 2348 gold pieces at shops.

Inventory:

Hand weapons
 a - a +1 short sword of protection (weapon)
 b - a +1 scimitar of flaming
 f - a +2 scimitar of freezing
Armour
 i - the +0 helmet "Soel" (worn) {rN+ MP+9 Str-2}
   (You acquired it on level 1 of the Shoals)

   It affects your strength (-2).
   It protects you from negative energy.
   It affects your magic capacity (+9).
 x - the +0 buckler "Cuet" (worn) {rF++}
   (You took it off Norris on level 14 of the Dungeon)

   It greatly protects you from fire.
 A - a +0 cloak (worn)
 P - a +0 pair of boots (worn)
 U - a +4 mottled dragon armour (worn)
 Y - a +1 pair of gloves of archery (worn)
Magical staves
 J - an uncursed staff of poison {!a}
Jewellery
 e - a ring of poison resistance (left hand)
 g - an uncursed ring of magical power
 l - an uncursed ring of protection from cold
 r - a +2 ring of protection {unknown}
 B - a +5 ring of strength
 G - an uncursed ring of protection from fire
 T - a +4 ring of evasion (right hand)
 X - an amulet of the gourmand (around neck)
Magical devices
 c - a wand of teleportation (4)
 D - a wand of slowing (16)
 M - a wand of lightning (7)
 O - a wand of cold (10)
 S - a wand of disintegration (9)
 Z - a wand of digging (5)
Scrolls
 d - 5 scrolls of enchant weapon
 j - a scroll of vulnerability
 k - 5 scrolls of identify {@r2}
 m - 8 scrolls of remove curse {@r1}
 t - 7 scrolls of amnesia
 u - a scroll of brand weapon {unknown}
 z - 3 scrolls of silence {!r}
 C - a scroll of holy word {unknown}
 E - 8 scrolls of magic mapping
 L - a scroll of immolation
 N - 4 scrolls of recharging
Potions
 h - 3 potions of agility
 n - 7 potions of restore abilities
 p - 3 potions of cancellation
 s - 12 potions of curing {@q1}
 v - 4 potions of might
 w - 2 potions of magic
 I - 4 potions of flight
 V - a potion of brilliance
Comestibles
 q - a beef jerky
 F - 16 fruits
 W - 17 bread rations


   Skills:
 - Level 9.5 Fighting
 - Level 7.4(10.0) Short Blades
 - Level 10.3(11.3) Long Blades
 - Level 7.1 Armour
 - Level 10.9 Dodging
 - Level 2.1 Stealth
 - Level 5.6 Shields
 + Level 13.0 Spellcasting
 - Level 17.6 Conjurations
 - Level 8.3 Charms
 - Level 4.5 Necromancy
 - Level 5.2 Translocations
 - Level 16.8 Air Magic
 - Level 10.6 Poison Magic


You had 8 spell levels left.
You knew the following spells:

 Your Spells              Type           Power        Failure   Level  Hunger
a - Magic Dart            Conj           ####         0%          1    None
b - Blink                 Tloc           N/A          1%          2    None
c - Iskenderun's Mystic   Conj           #######.     1%          4    None
d - Iskenderun's Battles  Conj/Chrm      ######..     1%          5    ###....
e - Dazzling Spray        Conj/Hex       ######..     1%          3    None
r - Regeneration          Chrm/Necr      #####.....   1%          3    None
s - Poisonous Cloud       Conj/Pois/Air  ######....   1%          6    #####..
v - Lightning Bolt        Conj/Air       #######...   1%          5    ###....
x - Poison Arrow          Conj/Pois      ######....   1%          6    #####..


Dungeon Overview and Level Annotations

Branches:
Dungeon (15/15)            Temple (1/1) D:7            Lair (8/8) D:11
 Shoals (5/5) Lair:5       Spider (2/5) Lair:6        Slime (0/6) Lair:6
    Orc (4/4) D:9             Elf (0/3) Orc:4        Vaults (3/5) D:14
  Crypt (0/3) Vaults:2     Depths (0/5) D:15

Altars:
Cheibriados
Dithmenos
Elyvilon
Fedhas
Kikubaaqudgha
Nemelex Xobeh
Okawaru
Qazlal
Ru
Sif Muna
Trog
Vehumet
Xom
Yredelemnul
Zin
The Shining One
Beogh

Shops:
D:10 *   D:15 (   Orc:4 :*[(}   Shoals:4 !

Annotations:
Vaults:2 Nikola


Innate Abilities, Weirdness & Mutations

You are dopey. (Int -2)


Message History

The bolt hits your vampire mosquito!!
Your vampire mosquito is destroyed!
Your vampire mosquito's corpse dissolves into shadows!
You swap places.
The stone giant throws a large rock.
The large rock hits your vampire mosquito!!
Your vault sentinel hits the yaktaur with a long sword!
Evoke which item? (* to show all) (? for menu, Esc to quit)
Zapping:
c - a wand of teleportation (5)
Press: ? - help, Shift-Dir - straight line, f - you You feel strangely unstable.
This wand has 4 charges left.
Your vampire mosquito bites the yaktaur.
The yaktaur shoots a bolt.
The bolt closely misses your vault sentinel.
The bolt hits your vampire mosquito!!
Your vampire mosquito is destroyed!
Your vampire mosquito's corpse dissolves into shadows!
The yaktaur shoots a bolt.
The bolt hits you!
You have identified the last scroll.
C - a scroll of holy word {unknown} You die...

########
#......#
#......#
+y@....#
#..<...#
#..h.c.#
#...p..#
#..y.cC#
#...cc.#
#......#
#......#
#......#


You could see a stone giant, 4 yaktaurs, a friendly vault sentinel, a friendly
raiju and 2 friendly vampire mosquitoes.

Vanquished Creatures
  Norris (D:14)
  Saint Roka (Orc:4)
  The ghost of timbw the Brawler, a mighty CeAs of Ashenzari (Shoals:4)
  Asterion (D:14)
  A kraken (Shoals:4)
  Ilsuiw (Shoals:5)
  A ghost moth (Spider:2)
  2 orc warlords
  5 vault wardens
  5 ironheart preservers
  2 rakshasas (Vaults:1)
  Snorg (Lair:8)
  8 merfolk javelineers (Shoals:5)
  An ettin (D:15)
  5 vault guards
  A fire dragon (D:14)
  4 yaktaur captains
  11 merfolk impalers
  7 hydras
  An ice dragon (Vaults:1)
  Nessos (Shoals:1)
  Erica (Lair:4)
  4 ogre magi
  9 merfolk aquamancers
  3 merfolk avatars
  3 satyrs
  An alligator snapping turtle (Shoals:5)
  2 deep troll shamans (Vaults:1)
  10 centaur warriors
  A tengu warrior (D:12)
  Urug (Orc:2)
  5 orc high priests (Orc:4)
  Nergalle (Lair:1)
  Erolcha (D:10)
  13 sea snakes
  A fire crab (Vaults:1)
  A catoblepas (Lair:4)
  8 deep trolls
  6 hill giants
  4 unseen horrors
  A tengu zombie (Vaults:1)
  3 orb spiders
  11 manticores
  An ugly thing (D:13)
  5 ironbrand convokers
  11 wolf spiders
  2 wizards
  5 oklob plants
  3 hornets
  8 orc knights
  A sixfirhy (Orc:4)
  A stone giant zombie (Vaults:1)
  6 orc sorcerers
  10 griffons
  17 harpies
  16 fauns
  5 black mambas
  12 elephants
  5 vault sentinels
  21 sirens
  3 water nymphs
  7 cyclopes
  A necromancer (Vaults:1)
  A gargoyle (D:13)
  A guardian serpent (shapeshifter) (D:15)
  A rust devil (D:14)
  16 spiny frogs
  A torpor snail (Spider:1)
  27 yaktaurs
  An elf (shapeshifter) (Vaults:2)
  4 fire drakes
  6 kobold demonologists
  3 tengu conjurers
  An efreet (D:14)
  3 demonic crawlers
  9 komodo dragons
  8 trolls
  23 blink frogs
  2 spriggan druids (Lair:8)
  3 wind drakes
  7 polar bears (Lair:8)
  Sonja (D:15)
  51 merfolk
  9 jumping spiders
  3 boulder beetles
  17 snapping turtles
  27 slime creatures
  6 ravens
  6 two-headed ogres
  4 basilisks
  2 wyverns
  12 spriggans (Lair:8)
  3 shadows
  3 wraiths
  21 redbacks
  3 trapdoor spiders (Spider:2)
  3 deep elf magi
  A hog (shapeshifter) (Vaults:2)
  7 water elementals
  Eustachio (D:4)
  7 tarantellas
  18 hippogriffs
  37 yaks
  10 deep elf fighters
  6 hungry ghosts
  A fire bat (shapeshifter) (Vaults:2)
  A human (D:9)
  A steam dragon (D:10)
  27 wolves
  Edmund (D:7)
  13 vampire mosquitoes
  7 porcupines
  13 wargs
  2 mottled dragons
  19 water moccasins
  A soldier ant (D:12)
  9 spiders
  2 ice beasts
  4 black bears (Lair:8)
  2 hornet simulacra
  2 phantoms
  2 sky beasts
  3 wasps
  31 centaurs
  19 ogres
  47 orc warriors
  8 big kobolds
  A human zombie (Vaults:1)
  12 crocodiles
  28 giant frogs
  A gnoll sergeant (D:10)
  3 scorpions (Spider:2)
  3 electric eels
  15 killer bees
  A vampire bat (Lair:2)
  An oklob sapling (D:7)
  10 wights
  11 crimson imps
  2 giant frog zombies (D:5)
  2 goliath beetles
  3 centaur zombies
  35 orc priests
  4 hounds
  2 jellies
  3 centaur skeletons
  5 iguanas
  43 orc wizards
  3 giant frog skeletons
  Natasha (thrice) (D:3)
  5 worker ants
  22 sheep
  Ijyb (D:7)
  2 hound skeletons
  2 mummies
  A worker ant zombie (D:8)
  Robin (D:4)
  31 adders
  13 gnolls
  5 shadow imps
  69 river rats
  4 giant mites
  2 worms
  2 ufetubi
  An adder skeleton (D:9)
  An orc skeleton (D:8)
  2 oozes
  211 orcs
  25 bats
  A bat zombie (D:5)
  29 goblins
  31 hobgoblins
  13 jackals
  18 quokkas
  3 ball pythons (Sewer)
  11 giant cockroaches
  16 giant geckos
  A giant gecko zombie (D:6)
  8 giant newts
  5 giant spores (D:15)
  38 kobolds
  9 orc zombies (Orc:4)
  A quokka skeleton (D:8)
  12 rats
  48 ballistomycetes
  2 fungi
  2 plants
  A tentacle (Shoals:4)
1721 creatures vanquished.

Vanquished Creatures (others)
  A wizard (D:13)
  A harpy (Shoals:5)
  2 vault sentinels (Vaults:2)
  A yaktaur (Vaults:1)
  2 vampire mosquitoes (Vaults:3)
  A brain worm (D:15)
  A giant mite (Lair:8)
  A quokka (D:14)
  4 giant spores
  A ballistomycete (D:15)
  11 fungi
  3 plants
  16 tentacles (Shoals:4)
  214 tentacle segments (Shoals:4)
259 creatures vanquished.

Grand Total: 1980 creatures vanquished

Notes
Turn   | Place    | Note
--------------------------------------------------------------
     0 | D:1      | Stev, the High Elf Conjurer, began the quest for the Orb.
     0 | D:1      | Reached XP level 1. HP: 11/11 MP: 4/4
   453 | D:1      | Reached XP level 2. HP: 17/17 MP: 3/6
   457 | D:1      | Learned a level 2 spell: Searing Ray
   519 | D:1      | Reached skill level 5 in Conjurations
  1143 | D:2      | Found an iron altar of Okawaru.
  1145 | D:2      | Found a basalt altar of Yredelemnul.
  1210 | D:2      | Found a deep blue altar of Sif Muna.
  1210 | D:2      | Found a snail-covered altar of Cheibriados.
  1212 | D:2      | Found a sparkling altar of Nemelex Xobeh.
  1245 | D:2      | Reached XP level 3. HP: 21/21 MP: 4/8
  1616 | D:2      | Reached skill level 6 in Conjurations
  1949 | D:3      | Reached XP level 4. HP: 27/27 MP: 4/11
  2138 | D:3      | Found a glowing drain.
  2162 | Sewer    | Entered a sewer
  2471 | Sewer    | Reached skill level 7 in Conjurations
  2471 | Sewer    | Reached XP level 5. HP: 31/31 MP: 6/12
  2626 | Sewer    | Noticed a giant frog
  2627 | Sewer    | Noticed a giant frog
  2631 | Sewer    | Killed a giant frog
  2752 | Sewer    | Killed a giant frog
  2752 | Sewer    | Reached XP level 6. HP: 8/36 MP: 12/17
  3179 | D:3      | You fall through a shaft!
  3211 | D:4      | Learned a level 4 spell: Iskenderun's Mystic Blast
  3262 | D:5      | Entered Level 5 of the Dungeon
  3350 | D:3      | Noticed Natasha
  3356 | D:3      | Killed Natasha
  3453 | D:3      | Found a glowing golden altar of the Shining One.
  3509 | D:3      | Noticed Natasha
  3519 | D:3      | Killed Natasha
  3821 | D:3      | Noticed Natasha
  3822 | D:3      | Killed Natasha
  3974 | D:4      | Reached skill level 8 in Conjurations
  4285 | D:4      | Noticed Eustachio
  4289 | D:4      | Killed Eustachio
  4289 | D:4      | Reached XP level 7. HP: 41/41 MP: 5/20
  4427 | D:4      | Learned a level 5 spell: Iskenderun's Battlesphere
  4562 | D:4      | Reached skill level 1 in Charms
  5260 | D:4      | Noticed Robin
  5267 | D:4      | Killed Robin
  5661 | D:5      | Found a shadowy altar of Dithmenos.
  5977 | D:5      | Reached skill level 5 in Charms
  6108 | D:5      | Reached XP level 8. HP: 33/46 MP: 11/21
  7390 | D:6      | Reached skill level 5 in Spellcasting
  7846 | D:6      | Found a stormy altar of Qazlal.
  7975 | D:6      | Reached XP level 9. HP: 51/51 MP: 23/27
  8342 | D:7      | Noticed Ijyb
  8345 | D:7      | Killed Ijyb
  8467 | D:7      | Found a staircase to the Ecumenical Temple.
  8501 | D:7      | Found a white marble altar of Elyvilon.
  8552 | D:7      | Noticed Edmund
  8559 | D:7      | Killed Edmund
  9559 | Temple   | Entered the Ecumenical Temple
  9573 | Temple   | Became a worshipper of Vehumet
  9724 | D:8      | Reached skill level 5 in Dodging
  9909 | D:8      | Reached skill level 9 in Conjurations
  9930 | D:8      | Noticed a centaur warrior
 10024 | D:8      | Found a bloodstained altar of Trog.
 10213 | D:8      | Acquired Vehumet's first power
 10213 | D:8      | Offered knowledge of Flame Tongue by Vehumet.
 10421 | D:8      | Reached skill level 10 in Conjurations
 10828 | D:8      | Reached XP level 10. HP: 56/56 MP: 23/28
 10883 | D:9      | Found a sacrificial altar of Ru.
 10914 | D:9      | Offered knowledge of Throw Frost by Vehumet.
 10929 | D:9      | Learned a level 3 spell: Dazzling Spray
 10973 | D:9      | Reached skill level 11 in Conjurations
 11271 | D:9      | Reached skill level 12 in Conjurations
 11372 | D:9      | Found a blossoming altar of Fedhas.
 11445 | D:9      | Found a shimmering altar of Xom.
 11639 | D:9      | Offered knowledge of Inner Flame by Vehumet.
 11772 | D:9      | Found a staircase to the Orcish Mines.
 11802 | D:9      | Acquired Vehumet's second power
 12191 | D:10     | Entered Level 10 of the Dungeon
 12191 | D:10     | Found Strawnofo's General Store.
 12192 | D:10     | Noticed a hill giant
 12196 | D:10     | Killed a hill giant
 12208 | D:10     | Bought a potion of curing for 45 gold pieces
 12208 | D:10     | Bought a potion of invisibility for 120 gold pieces
 12208 | D:10     | Bought a scroll of identify for 30 gold pieces
 12208 | D:10     | Bought a potion of curing for 45 gold pieces
 12208 | D:10     | Bought a scroll of teleportation for 45 gold pieces
 12365 | D:10     | Noticed Erolcha
 12374 | D:10     | Killed Erolcha
 12659 | D:10     | Noticed a hill giant
 12663 | D:10     | Killed a hill giant
 12663 | D:10     | Reached XP level 11. HP: 61/61 MP: 11/30
 12714 | D:10     | Offered knowledge of Throw Icicle by Vehumet.
 12944 | D:10     | Reached skill level 1 in Fighting
 13004 | D:10     | Noticed a centaur warrior
 13562 | D:11     | Acquired Vehumet's third power
 13566 | D:11     | Found a staircase to the Lair.
 13567 | D:11     | Offered knowledge of Mephitic Cloud by Vehumet.
 13911 | D:11     | Learned a level 3 spell: Regeneration
 13962 | D:11     | Reached skill level 5 in Fighting
 14120 | D:11     | HP: 3/71 [cyclops/large rock (37)]
 14475 | D:11     | Reached skill level 10 in Dodging
 14475 | D:11     | Killed an unseen horror
 14629 | D:11     | Killed an unseen horror
 14961 | D:11     | Reached skill level 13 in Conjurations
 15183 | D:10     | Offered knowledge of Sticky Flame by Vehumet.
 15939 | D:12     | Noticed a tengu warrior
 15941 | D:12     | Reached XP level 12. HP: 77/77 MP: 21/31
 15946 | D:12     | Killed a tengu warrior
 15947 | D:12     | Reached skill level 14 in Conjurations
 16117 | D:12     | Reached skill level 1 in Shields
 16453 | D:13     | Reached skill level 10 in Spellcasting
 16857 | D:13     | Reached skill level 1 in Necromancy
 17033 | D:13     | Noticed a centaur warrior
 17043 | D:13     | Killed a centaur warrior
 17404 | D:14     | Noticed a fire dragon
 18555 | D:14     | Found a glowing golden altar of the Shining One.
 18642 | D:14     | Upgraded the game from 0.16-a0-3943-gb4b81e6 to 0.16-a0-3946-g4f19e5c
 18957 | Lair:1   | Entered Level 1 of the Lair of Beasts
 19200 | Lair:1   | Noticed Nergalle
 19207 | Lair:1   | Killed Nergalle
 19854 | Lair:1   | Reached XP level 13. HP: 81/81 MP: 30/34
 20174 | Lair:2   | Reached skill level 15 in Conjurations
 20437 | Lair:2   | Reached skill level 1 in Short Blades
 21491 | Lair:3   | Reached skill level 5 in Short Blades
 22519 | Lair:4   | Noticed Erica
 23025 | Lair:4   | Killed Erica
 23193 | Lair:4   | Offered knowledge of Poisonous Cloud by Vehumet.
 23201 | Lair:4   | Learned a level 6 spell: Poisonous Cloud
 23887 | Lair:5   | Found a staircase to the Shoals.
 24376 | Lair:5   | Reached skill level 5 in Shields
 24767 | Lair:5   | You fall through a shaft for 3 floors!
 24767 | Lair:8   | Entered Level 8 of the Lair of Beasts
 25348 | Lair:7   | Reached skill level 5 in Air Magic
 25593 | Lair:7   | Got a heavily runed platinum amulet
 25595 | Lair:7   | Identified the amulet of Kideiwom {Stasis Contam rElec rC+ MP+9} (You found it on level 7 of the Lair of Beasts)
 25611 | Lair:7   | Gained mutation: You are dopey. (Int -2) [mutagenic glow]
 25820 | Lair:7   | Reached skill level 1 in Poison Magic
 25856 | Lair:6   | Reached XP level 14. HP: 88/88 MP: 3/35
 26526 | Lair:6   | Found a hole to the Spider Nest.
 26754 | Lair:6   | Found a staircase to the Slime Pits.
 28522 | Lair:8   | Reached skill level 1 in Long Blades
 29057 | Lair:8   | Reached skill level 5 in Long Blades
 29505 | Lair:8   | Noticed Snorg
 29513 | Lair:8   | Killed Snorg
 29999 | Lair:8   | Offered knowledge of Poison Arrow by Vehumet.
 30535 | Lair:8   | Reached skill level 10 in Long Blades
 31056 | Lair:8   | Learned a level 6 spell: Poison Arrow
 31322 | Orc:1    | Entered Level 1 of the Orcish Mines
 31629 | Orc:2    | Offered knowledge of Fireball by Vehumet.
 31907 | Orc:2    | Noticed Urug
 31924 | Orc:2    | Killed Urug
 31924 | Orc:2    | Reached XP level 15. HP: 83/92 MP: 3/36
 32174 | Orc:2    | You fall through a shaft for 2 floors!
 32174 | Orc:4    | Entered Level 4 of the Orcish Mines
 32676 | Orc:3    | Found a shimmering altar of Xom.
 32687 | Orc:3    | You fall through a shaft!
 33035 | Orc:4    | Found a staircase to the Elven Halls.
 33175 | Orc:4    | Found Olur Ali's Gadget Boutique.
 33218 | Orc:4    | Found a roughly hewn altar of Beogh.
 33226 | Orc:4    | Noticed Saint Roka
 33229 | Orc:4    | Reached skill level 5 in Poison Magic
 33230 | Orc:4    | Offered knowledge of Spellforged Servitor by Vehumet.
 33406 | Orc:4    | Killed Saint Roka
 34971 | Orc:4    | Offered knowledge of Delayed Fireball by Vehumet.
 35160 | Orc:4    | Found Joewalikh's General Store.
 35198 | Orc:4    | Found Wihijet's Book Emporium.
 35199 | Orc:4    | Found Gry Skacs' Antique Armour Shoppe.
 35199 | Orc:4    | Found Keowkell's Antique Weapon Shoppe.
 35213 | Orc:4    | Bought a scroll of teleportation for 36 gold pieces
 35213 | Orc:4    | Bought a scroll of magic mapping for 42 gold pieces
 35214 | Orc:4    | Bought a book of Spatial Translocations for 910 gold pieces
 35214 | Orc:4    | Bought a book of the Tempests for 980 gold pieces
 35224 | Orc:4    | Learned a level 2 spell: Blink
 35231 | Orc:4    | Learned a level 5 spell: Lightning Bolt
 36378 | D:14     | Killed a fire dragon
 36464 | D:14     | Noticed an ogre mage
 36480 | D:14     | Killed an ogre mage
 36687 | D:14     | Found a gate to the Vaults.
 36777 | D:14     | Noticed a centaur warrior
 36795 | D:14     | Killed a centaur warrior
 37143 | D:14     | Found a white marble altar of Elyvilon.
 37181 | D:15     | Entered Level 15 of the Dungeon
 37344 | D:15     | Found Seur's Antique Weapon Emporium.
 37536 | D:15     | Noticed Sonja
 37538 | D:15     | Killed Sonja
 37845 | D:15     | Offered knowledge of Freezing Cloud by Vehumet.
 37964 | D:15     | Found a staircase to the Depths.
 39060 | D:14     | Reached XP level 16. HP: 108/108 MP: 24/37
 39333 | Spider:1 | Entered Level 1 of the Spider Nest
 40889 | Spider:2 | Reached skill level 10 in Air Magic
 42358 | Shoals:1 | Entered Level 1 of the Shoals
 42664 | Shoals:1 | Noticed Nessos
 42969 | Shoals:1 | Killed Nessos
 43041 | Shoals:1 | Identified 2 scrolls of acquirement
 43047 | Shoals:1 | Got a pair of brightly glowing gloves
 43060 | Shoals:1 | Identified the -2 pair of gloves of Taerit {Str+4} (You acquired it on level 1 of the Shoals)
 43112 | Shoals:1 | Reached skill level 16 in Conjurations
 43463 | Shoals:1 | Got a bloodstained helmet
 43474 | Shoals:1 | Identified the +0 helmet "Soel" {rN+ MP+9 Str-2} (You acquired it on level 1 of the Shoals)
 43755 | Shoals:1 | Offered knowledge of Fire Storm by Vehumet.
 43755 | Shoals:1 | Offered knowledge of Glaciate by Vehumet.
 43755 | Shoals:1 | Offered knowledge of Chain Lightning by Vehumet.
 43912 | Shoals:2 | Upgraded the game from 0.16-a0-3946-g4f19e5c to 0.16-a0-3963-gf3423b3
 45150 | Shoals:3 | Reached skill level 1 in Translocations
 45996 | Shoals:3 | Reached skill level 5 in Translocations
 46082 | Shoals:3 | Reached XP level 17. HP: 113/113 MP: 38/38
 46399 | Shoals:4 | Noticed timbw's ghost (mighty CeAs)
 47516 | Shoals:4 | Killed timbw's ghost
 48365 | Shoals:4 | Reached skill level 15 in Air Magic
 48620 | Shoals:4 | Found Prosar's Distillery.
 48639 | Shoals:4 | Bought a potion of heal wounds for 95 gold pieces
 49483 | Shoals:5 | Entered Level 5 of the Shoals
 49505 | Shoals:5 | Reached skill level 1 in Armour
 49997 | Shoals:5 | Reached skill level 5 in Armour
 50668 | Shoals:5 | Noticed Ilsuiw
 50698 | Shoals:5 | Killed Ilsuiw
 51370 | Shoals:5 | Got a barnacled rune of Zot
 52264 | Vaults:1 | Entered Level 1 of the Vaults
 52273 | Vaults:1 | Reached XP level 18. HP: 119/119 MP: 38/38
 52444 | Vaults:1 | Reached skill level 17 in Conjurations
 52640 | Vaults:1 | Noticed Asterion
 52991 | Vaults:1 | Noticed Norris
 53783 | Vaults:1 | Paralysed by something for 7 turns
 53983 | D:14     | Killed Norris
 54139 | D:14     | Got a polished buckler
 54150 | D:14     | Identified the +0 buckler "Cuet" {rF++} (You took it off Norris on level 14 of the Dungeon)
 54832 | D:14     | Killed Asterion
 56667 | Vaults:1 | Reached skill level 10 in Poison Magic
 57189 | Vaults:2 | Noticed Nikola
 58527 | Vaults:2 | Found a staircase to the Crypt.
 58527 | Vaults:2 | Found an ancient bone altar of Kikubaaqudgha.
 58528 | Vaults:2 | Found a basalt altar of Yredelemnul.
 58865 | Vaults:2 | Cast into the Abyss (an ogre mage)
 58873 | Vaults:2 | Escaped the Abyss
 59267 | Vaults:2 | HP: 4/119 [Nikola/bolt of lightning (23)]
 59271 | Vaults:3 | Shot with a bolt by a yaktaur

Action                   |  1- 3 |  4- 6 |  7- 9 | 10-12 | 13-15 | 16-18 || total
-------------------------+-------+-------+-------+-------+-------+-------++-------
Melee: Dagger            |     1 |       |       |       |       |       ||     1
       Short sword       |       |       |     7 |    10 |    86 |    30 ||   133
       Scimitar          |       |       |       |       |   237 |    38 ||   275
 Cast: Magic Dart        |    68 |    80 |   223 |    97 |   212 |   108 ||   788
       Searing Ray       |     6 |    15 |    47 |    58 |    18 |       ||   144
       Iskenderun's Myst |       |     2 |    51 |   196 |   521 |   238 ||  1008
       Iskenderun's Batt |       |       |    13 |    34 |   118 |    82 ||   247
       Dazzling Spray    |       |       |       |    46 |   129 |    96 ||   271
       Regeneration      |       |       |       |     1 |     2 |     2 ||     5
       Poisonous Cloud   |       |       |       |       |    27 |    33 ||    60
       Poison Arrow      |       |       |       |       |    48 |   408 ||   456
       Lightning Bolt    |       |       |       |       |    22 |    43 ||    65
       Blink             |       |       |       |       |       |     7 ||     7
Evoke: Wand              |       |       |       |     5 |       |     8 ||    13
       Sack of spiders   |       |       |       |       |     1 |       ||     1
  Use: Scroll            |     3 |     1 |     6 |    15 |    18 |    27 ||    70
       Potion            |       |       |       |     8 |     1 |    14 ||    23
 Stab: Sleeping          |     1 |       |       |       |       |       ||     1
       Invisible         |       |       |       |       |       |     2 ||     2
  Eat: Chunk             |     4 |     7 |    20 |    34 |    85 |   176 ||   326
       Pizza             |       |       |     1 |     3 |     1 |       ||     5
       Beef jerky        |       |       |     1 |     1 |       |       ||     2
       Meat ration       |       |       |     1 |       |       |     2 ||     3
